 Dungeon Crawl Stone Soup version 0.29-a0-451-gfbfa424 (webtiles) character file.

Game seed: 7701555969291602395

25 Toastz the Ruffian (level 2, 0/36 HPs)
             Began as a Draconian Transmuter on May 19, 2022.
             Frozen to death by an endoplasm (1 damage)
             ... on level 1 of the Dungeon.
             The game lasted 00:01:55 (1420 turns).

Toastz the Ruffian (Draconian Transmuter)           Turns: 1420, Time: 00:01:56

Health: 0/36       AC: 21    Str: 12    XL:     2   Next: 86%
Magic:  3/5        EV:  2    Int: 13    God:
Gold:   39         SH:  0    Dex: 11    Spells: 2/5 levels left

rFire   . . .      SeeInvis .     - Unarmed
rCold   . . .      Faith    .   (no shield)
rNeg    . . .      Spirit   .   (body armour unavailable)
rPois   +          Reflect  .   (helmet currently unavailable)
rElec   .          Harm     .   (cloak currently unavailable)
rCorr   .          Rampage  .   (gloves currently unavailable)
Will    .....      NoTele   +   (boots currently unavailable)
Stlth   +.........              (no amulet)
HPRegen 0.12/turn               (no ring)
MPRegen 0.09/turn               (no ring)

@: mighty, tree-form, wereblooded
A: stationary, stasis, torment immunity, boosted hp, AC +4, unfitting armour,
(cold-blooded)
a: no special abilities


You were on level 1 of the Dungeon.
You were a tree.
You visited 1 branch of the dungeon, and saw 2 of its levels.

You collected 39 gold pieces.

Inventory:

Missiles
 b - 81 stones (quivered)
Scrolls
 c - 2 scrolls of magic mapping {unknown}
 d - a scroll of poison {unknown}
 g - a scroll of identify {unknown}
Potions
 f - a potion of haste {unknown}


   Skills:
 + Level 1.7 Fighting
 - Level 1.7 Dodging
 * Level 3.6 Unarmed Combat
 - Level 2.0 Spellcasting
 + Level 2.4 Transmutations


You had 2 spell levels left.
You knew the following spells:

 Your Spells              Type           Power      Damage    Failure   Level
a - Beastly Appendage     Tmut           14%        N/A       10%         1
b - Wereblood             Tmut           7%         N/A       14%         2

Your spell library contained the following spells:

 Spells                   Type           Power      Damage    Failure   Level
 Spider Form              Tmut/Pois      4%         N/A       43%         3
 Portal Projectile        Hex/Tloc       2%         N/A       58%         3
 Tukima's Dance           Hex            1%         N/A       58%         3
 Ice Form                 Ice/Tmut       4%         N/A       83%         4
 Blade Hands              Tmut           3%         N/A       95%         5


Dungeon Overview and Level Annotations

Branches:
Dungeon (2/15)

Altars:


Innate Abilities, Weirdness & Mutations

You are a tree.
Your roots penetrate the ground, keeping you stationary.
You cannot be teleported.
You are immune to unholy pain and torment.
Your maximum health is greatly increased.
Your equipment is partially melded.
((Your plain brown scales are hard. (AC +4)))
You cannot fit into any form of body armour.
((You are cold-blooded and may be slowed by cold attacks.))


Message History

You hit the jackal but do no damage. You tail-slap the jackal.
The jackal is severely wounded.
The jackal bites you but does no damage.
The jackal barely misses you.
The quokka bites you but does no damage.
The hobgoblin closely misses you.
The kobold hits you with a +0 short sword.
The endoplasm misses you.
You are too injured to fight recklessly!
You hit the jackal. Your headbutt misses the jackal.
The jackal is almost dead.
The jackal misses you. The jackal closely misses you. The quokka bites you.
* * * LOW HITPOINT WARNING * * *
The hobgoblin hits you.
* * * LOW HITPOINT WARNING * * *
The endoplasm misses you.
The kobold hits you with a +0 short sword.
* * * LOW HITPOINT WARNING * * *
The jackal misses you. The jackal bites you.
* * * LOW HITPOINT WARNING * * *
Really quaff the potion of lignification?
Your horns disappear.
Your talons disappear.
You turn into a tree.
Your roots penetrate the ground.
The quokka bites you but does no damage.
The jackal bites you.
* * * LOW HITPOINT WARNING * * *
The jackal bites you but does no damage.
The hobgoblin hits you but does no damage.
The kobold hits you but does no damage.
The endoplasm hits you but does no damage.
It was a potion of might.
You feel very mighty all of a sudden.
The quokka bites you but does no damage.
The jackal bites you.
* * * LOW HITPOINT WARNING * * *
The jackal bites you but does no damage.
The hobgoblin barely misses you. The endoplasm freezes you.
You are frozen.
You die...

#.#.#........#............#.#....
#.#.#........#..>.......#.#.##.#.
#...#........#..........#.#....#.
#.#.#........#..........#.######.
#####....#'#.#.#.....##.#.#......
......#..#.#.#.#.....+..#.#.####.
#######..#'#.#.#.....####.#......
# #........#.#gr...# #.####### #
#..........#♣J...####.#......
#####..........hhK..........#####
##...............########.######.
##..........)....'........###...#
##...............##########..####
##...............# ##.### #§
##..........##'### #.## #.
#####.......##.# #.# ## #
##'#...###.# ##.##### #


You could see an endoplasm, a quokka, 2 jackals, a hobgoblin and a kobold.

Vanquished Creatures
  5 ball pythons (D:1)
  3 bats (D:1)
  An endoplasm (D:1)
  4 hobgoblins (D:1)
  3 kobolds (D:1)
  A frilled lizard (D:1)
  3 goblins (D:1)
  2 rats (D:1)
22 creatures vanquished.

Notes
Turn   | Place    | Note
-------+----------+-------------------------------------------
     0 | D:1      | Toastz the Draconian Transmuter began the quest for the
                  | Orb.
     0 | D:1      | Reached XP level 1. HP: 16/16 MP: 3/3
   281 | D:1      | Reached XP level 2. HP: 23/23 MP: 1/5
  1395 | D:1      | Learned a level 2 spell: Wereblood
  1418 | D:1      | HP: 1/24 [jackal (1)]
  1420 | D:1      | Frozen to death by an endoplasm

Illustrated notes

Levels and vault maps discovered:
D:1:      dpeg_arrival_morbid_curiosity, layout_basic
D:2:      layout_rooms, serial_bayou_crossing

Action                   || total
-------------------------++-------
Melee: Unarmed           ||    72
       Headbutt          ||     7
       Kick              ||     7
       Tailslap          ||     6
Throw: Stone             ||    16
 Cast: Beastly Appendage ||    16
       Wereblood         ||     1
  Use: Potion            ||     2
Armor: Skin              ||    34
Dodge: Dodged            ||    75

Table legend: (Time is in decaauts)
 A = Elapsed time spent in this place.
 B = Non-inter-level travel time spent in this place.
 C = Inter-level travel time spent in this place.
 D = Time resting spent in this place.
 E = Time spent auto-exploring this place.
 F = Levels seen in this place.
 G = Mean time per level.
                   A        B        C        D        E       F      G
               +--------+--------+--------+--------+--------+-----+--------+
         Total |   1420 |   1348 |     72 |     54 |   1131 |   2 |  710.0 |
       Dungeon |   1420 |   1348 |     72 |     54 |   1131 |   2 |  710.0 |
               +--------+--------+--------+--------+--------+-----+--------+

Top non-repeatable levels by time:
     D:1: 1415 daAuts
     D:2: 5 daAuts
